 Dungeon Crawl Stone Soup version 0.31-a0-152-g6aa68a64a1 (webtiles) character file.

Game seed: 9890818710588352689

1656428 rddays123 the Conqueror (level 27, 273/273 HPs)
             Began as a Minotaur Fighter on June 10, 2023.
             Was a High Priest of Okawaru.
             Escaped with the Orb
             ... and 3 runes on June 11, 2023!
             The game lasted 05:48:33 (73444 turns).

rddays123 the Conqueror (Minotaur Fighter)         Turns: 73444, Time: 05:48:33

Health: 273/273    AC: 29    Str: 37    XL:     27
Magic:  36/36      EV: 28    Int:  6    God:    Okawaru [*****.]
Gold:   2726       SH: 17    Dex: 21    Spells: 26/26 levels left

rFire   + . .        M - +6 broad axe of Bloodstone {flame, Stlth+}
rCold   + . .        f - +2 kite shield {rF+}
rNeg    + + +        d - +0 shadow dragon scales
rPois   +            H - +0 hat "Getoum" {Drain rN+ Int+2 Dex+4}
rElec   .            I - +2 cloak {Will+}
rCorr   +            W - +2 pair of gloves "Moanian" {rC+}
SInv    +            D - +0 pair of boots "Fibbik" {Fly rPois Regen+ Stlth-}
Will    +++++        N - amulet "Heuc" {rN+ Will++ Regen+}
Stlth   +++          a - ring "Kusezihusch" {rN+ rCorr Dex+6 Stlth+}
HPRegen 2.25/turn    w - ring of see invisible
MPRegen 0.25/turn

%: no passive effects
@: flying, studying 2 skills
A: horns 2, retaliatory headbutt, deformed body, strong 1, no potion heal 1,
inability to drink after injury 2, MP-powered wands
0: Orb of Zot
}: 3/15 runes: decaying, silver, gossamer
a: Renounce Religion, Heroism, Finesse, Duel


You escaped.
You worshipped Okawaru.
Okawaru was extremely pleased with you.
You visited 11 branches of the dungeon, and saw 51 of its levels.
You also visited: Ice Cave and Volcano.

You collected 10359 gold pieces.
You spent 7633 gold pieces at shops.

Inventory:

Hand Weapons
 M - the +6 broad axe of Bloodstone (weapon) {flame, Stlth+}
   (Okawaru gifted it to you on level 15 of the Dungeon)

   Stlth:     It makes you more stealthy.
 Z - a +9 broad axe of freezing
Missiles
 c - 6 throwing nets
 u - 19 silver javelins (quivered)
Armour
 d - +0 shadow dragon scales (worn)
 f - a +2 kite shield of fire resistance (worn)
 s - the +2 pair of gloves "Ygyaru" {rElec rPois Dex+2 Stlth+}
   (You found it on level 3 of the Spider Nest)

   Dex:       It affects your dexterity (+2).
   rElec:     It insulates you from electricity.
   rPois:     It protects you from poison.
   Stlth:     It makes you more stealthy.
 D - the +0 pair of boots "Fibbik" (worn) {Fly rPois Regen+ Stlth-}
   (You found it on level 1 of the Lair of Beasts)

   rPois:     It protects you from poison.
   Fly:       It grants you flight.
   Regen:     It increases your rate of health regeneration.
   Stlth:     It makes you less stealthy.
 H - the +0 hat "Getoum" (worn) {Drain rN+ Int+2 Dex+4}
   (Okawaru gifted it to you on level 4 of the Swamp)

   Int:       It affects your intelligence (+2).
   Dex:       It affects your dexterity (+4).
   rN:        It protects you from negative energy.
   Drain:     It drains your maximum health when unequipped.
 I - a +2 cloak of willpower (worn)
 U - +12 gold dragon scales
 W - the +2 pair of gloves "Moanian" (worn) {rC+}
   (Okawaru gifted it to you on level 11 of the Dungeon)

   rC:        It protects you from cold.
 X - the +0 cloak "Caxoff" {Contam rN+++ Int+5}
   (You bought it in a shop on level 13 of the Dungeon)

   Int:       It affects your intelligence (+5).
   rN:        It renders you almost immune to negative energy.
   Contam:    It causes magical contamination when unequipped.
Jewellery
 a - the ring "Kusezihusch" (left hand) {rN+ rCorr Dex+6 Stlth+}
   (You took it off a vampire knight on level 3 of the Crypt)

   [ring of positive energy]

   Dex:       It affects your dexterity (+6).
   rN:        It protects you from negative energy.
   rCorr:     It protects you from acid and corrosion.
   Stlth:     It makes you more stealthy.
 e - a +4 ring of protection
 k - a ring of protection from fire
 l - a ring of fire
 n - the ring "Bausypta" {rPois Will+}
   (You took it off a vault warden on level 5 of the Vaults)

   [ring of willpower]

   rPois:     It protects you from poison.
   Will:      It increases your willpower.
 q - a +6 ring of intelligence
 w - a ring of see invisible (right hand)
 z - the ring "Fiany Bunt" {Str+6 Dex+4}
   (You took it off a deep elf blademaster on level 3 of the Elven Halls)

   [ring of strength]

   Str:       It affects your strength (+6).
   Dex:       It affects your dexterity (+4).
 E - the amulet "Muupirch" {Reflect Dex+8 SH+5}
   (You bought it in a shop on level 4 of the Vaults)

   [amulet of reflection]

   It reflects blocked missile attacks.
   Dex:       It affects your dexterity (+8).
   SH:        It affects your SH (+5).
 N - the amulet "Heuc" (around neck) {rN+ Will++ Regen+}
   (You found it on level 3 of the Crypt)

   [amulet of regeneration]

   rN:        It protects you from negative energy.
   Regen:     It increases your rate of health regeneration.
   Will:      It greatly increases your willpower.
 P - the ring of Cuapas {Will+ Int+3}
   (You found it in a volcano)

   [ring of willpower]

   Int:       It affects your intelligence (+3).
   Will:      It increases your willpower.
 Q - a ring of protection from cold
 R - a ring of protection from cold
 T - a ring of positive energy
Wands
 b - a wand of quicksilver (20)
 j - a wand of digging (32)
 m - a wand of iceblast (41)
 v - a wand of mindburst (41)
 y - a wand of flame (69)
 J - a wand of paralysis (62)
 Y - a wand of polymorph (31)
Scrolls
 h - 8 scrolls of teleportation
 i - 5 scrolls of magic mapping
 A - a scroll of silence
 B - 16 scrolls of fear
 G - 2 scrolls of brand weapon
 K - 5 scrolls of fog
 S - a scroll of blinking
Potions
 g - 5 potions of invisibility
 o - 7 potions of mutation
 p - 5 potions of haste
 r - 3 potions of berserk rage
 t - 6 potions of lignification
 x - 2 potions of resistance
 C - 21 potions of curing
 F - 9 potions of cancellation
 L - 3 potions of heal wounds
 O - 10 potions of enlightenment


   Skills:
 O Level 27 Fighting
 - Level 18.5 Axes
 - Level 11.3 Throwing
 - Level 26.8 Armour
 - Level 25.7 Dodging
 - Level 13.8 Stealth
 - Level 15.2 Shields
 - Level 21.3 Invocations
 + Level 15.9 Evocations


You had 26 spell levels left.
You didn't know any spells.
Your spell library contained the following spells:

 Spells                   Type           Power      Damage    Failure   Level
 Apportation              Tloc           0%         N/A       75%         1
 Beastly Appendage        Tmut           0%         N/A       75%         1
 Freeze                   Ice            0%         1d3       75%         1
 Necrotise                Necr           0%         1d4       75%         1
 Shock                    Conj/Air       0%         1d3       75%         1
 Slow                     Hex            0%         N/A       75%         1
 Sting                    Tmut/Pois      0%         1d3       75%         1
 Blink                    Tloc           0%         N/A       87%         2
 Cigotuvi's Dreadful Rot  Necr/Pois/Air  0%         N/A       87%         2
 Ensorcelled Hibernation  Hex/Ice        0%         N/A       87%         2
 Lesser Beckoning         Tloc           0%         N/A       87%         2
 Momentum Strike          Conj/Tloc      0%         3d8       87%         2
 Poisonous Vapours        Pois/Air       0%         N/A       87%         2
 Scorch                   Fire           0%         2d5       87%         2
 Searing Ray              Conj           0%         2d4       87%         2
 Sublimation of Blood     Necr           0%         N/A       87%         2
 Wereblood                Tmut           0%         N/A       87%         2
 Confusing Touch          Hex            0%         N/A       98%         3
 Dazzling Flash           Conj/Hex       0%         N/A       98%         3
 Frozen Ramparts          Ice            0%         1d1       98%         3
 Gell's Gravitas          Tloc           0%         N/A       98%         3
 Hailstorm                Conj/Ice       0%         3d3       98%         3
 Ignite Poison            Fire/Tmut/Pois 0%         N/A       98%         3
 Mephitic Cloud           Conj/Pois/Air  0%         N/A       98%         3
 Ozocubu's Armour         Ice            0%         N/A       98%         3
 Portal Projectile        Hex/Tloc       0%         N/A       98%         3
 Spider Form              Tmut/Pois      0%         N/A       98%         3
 Swiftness                Air            0%         N/A       98%         3
 Teleport Other           Tloc           0%         N/A       98%         3
 Vampiric Draining        Necr           0%         2d6       98%         3
 Volatile Blastmotes      Fire/Tloc      0%         2d10      98%         3
 Airstrike                Air            0%         2d(0-16)  100%        4
 Anguish                  Hex/Necr       0%         N/A       100%        4
 Cause Fear               Hex            0%         N/A       100%        4
 Dispel Undead            Necr           0%         3d6       100%        4
 Flame Wave               Conj/Fire      0%         2d4       100%        4
 Fulminant Prism          Conj/Hex       0%         3d5       100%        4
 Ice Form                 Ice/Tmut       0%         N/A       100%        4
 Iskenderun's Mystic Bla  Conj/Tloc      0%         2d3       100%        4
 Leda's Liquefaction      Hex/Erth       0%         N/A       100%        4
 Manifold Assault         Tloc           0%         N/A       100%        4
 Olgreb's Toxic Radiance  Pois           0%         N/A       100%        4
 Passage of Golubria      Tloc           0%         N/A       100%        4
 Petrify                  Tmut/Erth      0%         N/A       100%        4
 Agony                    Necr           0%         N/A       100%        5
 Alistair's Intoxication  Tmut/Pois      0%         N/A       100%        5
 Borgnjor's Vile Clutch   Necr/Erth      0%         N/A       100%        5
 Fireball                 Conj/Fire      0%         3d3       100%        5
 Freezing Cloud           Conj/Ice/Air   0%         6-21      100%        5
 Iskenderun's Battlesphe  Conj           0%         2d6       100%        5
 Lee's Rapid Deconstruct  Erth           0%         3d4*      100%        5
 Metabolic Englaciation   Hex/Ice        0%         N/A       100%        5
 Silence                  Hex/Air        0%         N/A       100%        5
 Conjure Ball Lightning   Conj/Air       0%         3x3d6     100%        6
 Dispersal                Tloc           0%         N/A       100%        6
 Eringya's Noxious Bog    Tmut/Pois      0%         N/A       100%        6
 Leda's Unmaking          Conj/Erth      0%         9d1       100%        6
 Starburst                Conj/Fire      0%         6d3       100%        6
 Statue Form              Tmut/Erth      0%         N/A       100%        6
 Dragon Form              Tmut           0%         N/A       100%        7
 Orb of Destruction       Conj           0%         9d5       100%        7
 Ozocubu's Refrigeration  Ice            0%         4d7       100%        7
 Storm Form               Tmut/Air       0%         N/A       100%        7
 Discord                  Hex            0%         N/A       100%        8
 Disjunction              Tloc           0%         N/A       100%        8
 Ignition                 Fire           0%         3d3       100%        8
 Lehudib's Crystal Spear  Conj/Erth      0%         10d2      100%        8
 Polar Vortex             Ice            0%         N/A       100%        9
 Summon Small Mammal      Summ           Unusable   N/A       N/A         1
 Summon Forest            Summ/Tloc      Unusable   N/A       N/A         5
 Death Channel            Necr           Unusable   N/A       N/A         6
 Simulacrum               Ice/Necr       Unusable   N/A       N/A         6
 Summon Cactus Giant      Summ           Unusable   N/A       N/A         6
 Spellforged Servitor     Conj/Summ      Unusable   N/A       N/A         7
 Summon Hydra             Summ           Unusable   N/A       N/A         7
 Dragon's Call            Summ           Unusable   N/A       N/A         9

Dungeon Overview and Level Annotations

Branches:
Dungeon (15/15)            Temple (1/1) D:5            Lair (5/5) D:8
  Swamp (4/4) Lair:2       Spider (4/4) Lair:3        Slime (0/5) Lair:4
    Orc (2/2) D:11            Elf (3/3) Orc:2        Vaults (5/5) D:14
  Crypt (3/3) Vaults:2       Tomb (0/3) Crypt:3      Depths (4/4) D:15
    Zot (5/5) Depths:4      IceCv (visited)         Volcano (visited)

Altars:
Ashenzari
Cheibriados
Dithmenos
Elyvilon
Fedhas
Gozag
Hepliaklqana
Kikubaaqudgha
Makhleb
Nemelex Xobeh
Okawaru
Qazlal
Ru
Sif Muna
Trog
Uskayaw
Vehumet
Wu Jian
Xom
Yredelemnul
Zin
The Shining One

Shops:
D:2 :   D:7 *   D:8 [   D:12 =   D:13 [   Orc:2 :*:(   Elf:3 [([*   Vaults:1 (
Vaults:3 =(*?   Vaults:4 *=:   Depths:2 !

Portals:
Hell: Depths:1 Depths:2 Depths:3 Depths:4
Abyss: Depths:1 Depths:3
Pandemonium: Depths:2 Depths:3
Ziggurat: Depths:1


Innate Abilities, Weirdness & Mutations

You have a pair of horns on your head.
You reflexively headbutt those who attack you in melee.
Armour fits poorly on your strangely shaped body.
Your muscles are strong. (Str +4, Int/Dex -1)
Potions are less effective at restoring your health.
You sometimes lose the ability to drink potions when taking damage.
You expend magic power (3 MP) to strengthen your wands.


Message History

You block the Orb Guardian's attack. The Orb Guardian hits you!
The Orb Guardian completely misses you.
An Orb Guardian comes into view.
You block the Orb Guardian's attack.
The Orb Guardian attacks as you move away!
You block the Orb Guardian's attack.
The Orb Guardian attacks as you move away!
You block the Orb Guardian's attack. x2
You feel yourself speed up. The Orb Guardian closely misses you.
You furiously retaliate!
You headbutt the Orb Guardian.
You see here a +0 spear.
Things that are here:
a +0 whip; a +0 whip
There is a stone staircase leading up here.
You fly upwards.
There is a stone staircase leading down here.
(D) Dungeon (T) Temple (L) Lair (S) Swamp (N) Spider Nest (M) Slime Pits (O) Orcish Mines (E) Elven Halls (V) Vaults (C) Crypt (W) Tomb (U) Depths (H) Hell (Z) Zot
Where to? (Enter - D:5, ? - help)
A daeva comes into view.
It is wielding a +4 scimitar of holy wrath.
As you read the scroll of teleportation, it crumbles to dust.
You feel strangely unstable.
You feel the Orb delaying your translocation!
The daeva shouts!
Your extra speed is starting to run out.
Your surroundings suddenly seem different.
A reaper comes into view. It is wielding a +3 vampiric scythe.
You feel yourself slow down. You block the reaper's attack.
You block the reaper's attack.
There is a stone staircase leading up here.
The reaper hits you but does no damage.
You fly upwards.
There is a stone staircase leading down here.
Things that are here:
a stone; a +0 short sword
There is a staircase leading out of the dungeon here.
You have escaped!

# #.# # #.#
############# # #.#
#...........### #
#.###.#.#.#.#.#.#.##
#
#..##..#.#.#.#.#.#.#
##
##....#.#.~~~~~.#.##
.#
#.###.#.#≈...≈#.#.#
.# #.#
##.#.≈...≈.#.##
.#####.#
#.#.#≈.@.≈#.#.#
.......#
##.#.≈≈≈≈≈.#.###
.#######
#.#.#.#.#.#.#..# ##
#####.#.#.#.#.#.#.#
#.........#.#####.#
#..##.....### #.#
##.#.#.....# #.#
#.###....###
#.#######
##.#.###.###
#.......#


There were no monsters in sight!

Vanquished Creatures
  A dread lich (Zot:5)
  4 ancient liches
  10 orbs of fire
  A juggernaut (Depths:4)
  Parghit (Depths:3)
  Boris (Depths:2)
  Bai Suzhen (Swamp:3)
  3 Killer Klowns
  9 curse toes
  8 golden dragons
  8 caustic shrikes
  A profane servitor (Crypt:3)
  5 electric golems
  Jorgrun (Swamp:3)
  7 liches
  Mlioglotl (Swamp:4)
  12 tentacled monstrosities
  2 deep elf master archers (Elf:3)
  2 deep elf blademasters (Elf:3)
  An Ice Fiend (Elf:2)
  3 titans (Vaults:5)
  The ghost of relicbr the End of an Era, an adept DrGl of Qazlal (Elf:2)
  26 Orb Guardians
  The ghost of ragingrage the Fencer, an adept FoMo of Okawaru (Spider:3)
  9 quicksilver dragons
  An Executioner (Depths:4)
  8 death cobs
  10 ancient champions
  A thorn hunter (Swamp:4)
  9 sphinxes
  Agnes (Elf:2)
  9 tengu reavers
  The ghost of rz the Severer, an adept MiBe of Trog (Swamp:1)
  Kirke (D:14)
  14 storm dragons
  9 shadow dragons
  Roxanne (Elf:2)
  10 draconian knights
  6 fire giants
  Donald (Swamp:4)
  9 draconian monks
  4 iron dragons
  A nagaraja (Vaults:2)
  6 emperor scorpions
  8 deep elf sorcerers
  Aizul (Swamp:3)
  4 draconian scorchers
  6 revenants
  10 frost giants
  20 vault wardens
  4 ghost moths
  2 juggernaut zombies
  A deep elf elementalist (Elf:2)
  The ghost of Pooter the Severer, a journeyman MiBe of Trog (Orc:2)
  7 ghouls
  3 curse skulls (Crypt:3)
  6 spriggan defenders
  8 draconian shifters
  The ghost of Ageipsow the Covert, a journeyman GnDe of Ashenzari (Lair:5)
  18 ironbound preservers
  5 draconian annihilators
  2 broodmothers
  4 draconian stormcallers
  4 reapers
  7 war gargoyles
  40 very ugly things
  11 stone giants
  3 formless jellyfish
  A juggernaut skeleton (Crypt:3)
  9 green draconians
  10 vampire knights
  3 eleionomae
  9 deep elf annihilators
  7 dire elephants
  8 ironbound thunderhulks
  9 deep elf demonologists
  6 statues (Depths:2)
  A minotaur (Lair:5)
  10 black draconians
  A bunyip (shapeshifter) (Vaults:5)
  5 red draconians
  10 purple draconians
  8 yellow draconians
  11 spark wasps
  5 bunyips
  13 white draconians
  Snorg (Lair:5)
  An ettin (shapeshifter) (Vaults:5)
  3 crystal guardians
  A mummy priest (Crypt:3)
  11 deep elf death magi
  8 eidola
  7 ettins
  11 jiangshi
  A merfolk impaler (Depths:1)
  5 great orbs of eyes
  3 green deaths (Depths:3)
  A blizzard demon (Depths:1)
  5 deep elf high priests
  2 entropy weavers
  4 fire dragons
  A shambling mangrove (Swamp:4)
  A spriggan zombie (Crypt:1)
  9 yaktaur captains
  6 rakshasas
  8 ice dragons
  Fannar (D:10)
  43 vault guards
  5 ghost crabs
  4 salamander tyrants (Depths:2)
  2 radroaches (Spider:3)
  A hydra (shapeshifter) (Vaults:2)
  7 peacekeepers
  19 hydras
  8 ogre magi
  A death knight (Crypt:2)
  2 catoblepae
  11 centaur warriors
  A fenstrider witch skeleton (Crypt:1)
  7 ironbound frosthearts
  Erica (D:11)
  28 dancing weapons
  13 spriggan air magi
  11 alligators
  6 boulder beetles
  23 two-headed ogres
  13 vampire magi
  7 deep troll earth magi
  9 demonic crawlers
  8 death scarabs (Spider:4)
  A shock serpent (shapeshifter) (Depths:4)
  3 death yaks (D:8)
  A deep troll shaman (Depths:4)
  4 tengu warriors
  Urug (Orc:2)
  8 spriggan berserkers
  A bennu skeleton (Crypt:1)
  3 orc high priests
  Nergalle (D:10)
  13 hell knights
  2 skysharks (Lair:5)
  A titan zombie (Crypt:3)
  Sonja (D:13)
  4 soul eaters
  23 deep elf knights
  A titan skeleton (Crypt:3)
  A skyshark (shapeshifter) (Elf:2)
  4 shadow wraiths (Crypt:3)
  A spectral spark wasp (Spider:3)
  A storm dragon skeleton (Crypt:1)
  28 skeletal warriors
  A spectral ghost moth (Spider:3)
  3 iron trolls
  3 sun moths (Spider:4)
  5 flayed ghosts
  6 spriggan druids
  2 goliath frogs
  17 orb spiders
  A glowing orange brain (Depths:4)
  57 deep trolls
  8 pharaoh ants
  11 swamp dragons
  A bunyip skeleton (Crypt:1)
  A death drake (Swamp:3)
  A spectral wolf spider (Spider:4)
  An anaconda zombie (Crypt:3)
  16 slime creatures
  A spectral jorogumo (Spider:4)
  3 bog bodies
  A broodmother zombie (Spider:4)
  13 deep elf archers
  A golden dragon skeleton (Crypt:1)
  6 lindwurms
  An iron giant skeleton (Crypt:3)
  16 phantasmal warriors
  4 spectral broodmothers (Spider:3)
  9 wolf spider zombies (Spider:3)
  A spriggan simulacrum (Crypt:1)
  18 ironbound convokers
  8 wizards
  A shadow dragon zombie (Crypt:1)
  30 deep elf pyromancers
  A spectral radroach (Spider:3)
  9 necromancers
  8 orc knights
  4 steelbarb worms
  28 deep elf zephyrmancers
  16 wolf spiders
  A cyclops (D:11)
  A salamander (Depths:2)
  2 orc sorcerers
  37 ugly things
  A cyclops (shapeshifter) (Vaults:2)
  5 elephants (Lair:2)
  4 will-o-the-wisps
  Joseph (D:10)
  2 ice statues (IceCv)
  10 apocalypse crabs (Zot:3)
  A guardian serpent (Vaults:2)
  An eleionoma skeleton (Crypt:3)
  35 moths of wrath
  4 black mambas
  21 vault sentinels
  An eye of devastation (shapeshifter) (Vaults:5)
  12 torpor snails
  7 gargoyles
  A pale draconian zombie (Crypt:3)
  A dire elephant skeleton (Crypt:3)
  An alligator snapping turtle zombie (Crypt:3)
  4 spectral redbacks (Spider:4)
  A centaur skeleton (Crypt:1)
  Maggie (D:6)
  30 cane toads
  A naga skeleton (Crypt:3)
  8 rime drakes
  16 komodo dragons
  5 efreet
  12 freezing wraiths
  18 yaktaurs
  A spark wasp simulacrum (Spider:3)
  A rime drake (shapeshifter) (Elf:2)
  A green draconian skeleton (Crypt:1)
  An unseen horror (D:11)
  A mana viper zombie (Crypt:2)
  2 tengu conjurers
  4 anaconda simulacra (IceCv)
  6 ice devils (IceCv)
  7 redback zombies (Spider:3)
  7 guardian mummies (Crypt:3)
  A queen bee (shapeshifter) (Elf:1)
  A black draconian skeleton (Crypt:2)
  7 meliai
  A moth of wrath zombie (Crypt:2)
  A queen bee (D:12)
  2 trolls
  3 polar bears
  A spectral tarantella (Spider:4)
  11 tyrant leeches
  Prince Ribbit (Lair:2)
  2 harpy skeletons (Crypt:3)
  4 jumping spider zombies (Spider:4)
  2 spectral jumping spiders (Spider:4)
  10 culicivora zombies
  2 broodmother simulacra (Spider:3)
  3 spectral culicivoras (Spider:4)
  15 tarantellas
  8 tarantella zombies
  20 hornets
  26 blink frogs
  A death drake skeleton (Crypt:1)
  5 dream sheep
  A raiju (shapeshifter) (D:15)
  A satyr zombie (Crypt:3)
  A meliai zombie (Crypt:3)
  17 jumping spiders
  11 flying skulls
  5 air elementals
  2 black mamba zombies (Crypt:1)
  18 spriggans
  2 naga simulacra
  5 vampires
  26 culicivoras
  6 wraiths
  2 shadows
  A hog (shapeshifter) (Vaults:5)
  8 water elementals
  96 yaks
  4 fire elementals
  5 basilisks
  A dire elephant simulacrum (IceCv)
  A human (shapeshifter) (Vaults:5)
  A fire bat (shapeshifter) (D:15)
  10 wyverns
  A steam dragon (D:8)
  3 humans (D:15)
  19 vampire mosquitoes
  42 redbacks
  A wind drake skeleton (Crypt:3)
  A death yak simulacrum (IceCv)
  19 swamp worms
  5 wargs (Orc:2)
  4 harpy simulacra (IceCv)
  2 hydra simulacra
  A naga zombie (Crypt:1)
  13 water moccasins
  A water nymph skeleton (Crypt:1)
  A floating eye (Depths:4)
  A glowing shapeshifter skeleton (Crypt:1)
  2 black bears
  43 orc warriors
  8 swamp drakes
  2 sky beasts (D:7)
  2 ice beasts
  A blink frog zombie (Crypt:2)
  9 ogres
  A radroach simulacrum (Spider:3)
  16 wolves
  5 boggarts (Vaults:1)
  11 centaurs
  4 phantoms
  4 kobold brigands
  24 bullfrogs
  4 earth elementals
  2 cane toad simulacra (IceCv)
  7 scorpions
  4 necrophages
  A gnoll sergeant (D:10)
  2 two-headed ogre simulacra (IceCv)
  17 wights
  A troll zombie (D:11)
  27 killer bees
  An elephant simulacrum (IceCv)
  A raiju zombie (Crypt:3)
  11 howler monkeys
  9 electric eels
  A spriggan skeleton (Crypt:2)
  5 lava snakes (Lair:1)
  5 hounds
  7 orc priests
  A gnoll bouda (D:7)
  4 iguanas
  7 hell rats (Lair:4)
  16 orc wizards
  A deep dwarf zombie (Crypt:2)
  5 ogre zombies (D:11)
  A deep dwarf skeleton (Crypt:3)
  A hound skeleton (Crypt:2)
  A mummy (Crypt:3)
  13 gnolls
  15 adders
  4 river rats (D:5)
  16 white imps
  A lava snake skeleton (Crypt:1)
  5 worms
  85 orcs
  9 ball pythons
  7 endoplasms
  4 giant cockroaches
  7 goblins
  8 hobgoblins
  5 jackals (D:1)
  26 kobolds
  3 quokkas
  A ball python skeleton (Crypt:3)
  6 bats (D:6)
  A dart slug zombie (Crypt:2)
  5 frilled lizards
  A goblin skeleton (D:11)
  A goblin zombie (D:11)
  2 hobgoblin skeletons (D:11)
  2 hobgoblin zombies (D:11)
  13 orc zombies (D:11)
  9 rats
  3 spectral weapons
2526 creatures vanquished.

Vanquished Creatures (others)
  A draconian knight (Zot:3)
  An eleionoma (Swamp:2)
  A deep elf knight (Elf:2)
  3 bloated husks
  2 tyrant leeches (Spider:3)
  A water elemental (Elf:1)
  A redback (Spider:3)
  An ogre (Vaults:5)
  A wolf (Lair:5)
  22 foxfires
34 creatures vanquished.

Grand Total: 2560 creatures vanquished

Notes
Turn   | Place    | Note
-------+----------+-------------------------------------------
     0 | D:1      | rddays123 the Minotaur Fighter began the quest for the Orb.
     0 | D:1      | Reached XP level 1. HP: 19/19 MP: 0/0
   146 | D:1      | Reached XP level 2. HP: 27/27 MP: 1/1
   336 | D:1      | Reached skill level 4 in Fighting
   517 | D:1      | Reached XP level 3. HP: 33/33 MP: 2/2
   699 | D:2      | Found Zeehimno's Book Boutique.
  1301 | D:3      | Reached XP level 4. HP: 34/40 MP: 3/3
  1525 | D:3      | Found a white marble altar of Elyvilon.
  1531 | D:3      | Found an ornate altar of the Wu Jian Council.
  1531 | D:3      | Found a shimmering blue altar of Sif Muna.
  1563 | D:3      | Found a sacrificial altar of Ru.
  1566 | D:3      | Found an ancient bone altar of Kikubaaqudgha.
  1958 | D:3      | Reached XP level 5. HP: 47/47 MP: 4/4
  1968 | D:3      | Reached skill level 5 in Fighting
  2319 | D:4      | Reached XP level 6. HP: 49/56 MP: 5/5
  2356 | D:4      | Reached skill level 5 in Axes
  2357 | D:4      | Reached skill level 6 in Fighting
  2819 | D:4      | Reached XP level 7. HP: 62/64 MP: 6/6
  2948 | D:4      | Reached skill level 7 in Fighting
  3461 | D:5      | Entered Level 5 of the Dungeon
  3529 | D:5      | Found a staircase to the Ecumenical Temple.
  3538 | Temple   | Entered the Ecumenical Temple
  3702 | Temple   | Became a worshipper of Warmaster Okawaru
  4453 | D:5      | Reached skill level 8 in Fighting
  4853 | D:5      | Reached XP level 8. HP: 55/74 MP: 7/7
  5175 | D:6      | Reached * piety under Okawaru
  5434 | D:6      | Reached skill level 9 in Fighting
  5450 | D:6      | Reached ** piety under Okawaru
  5944 | D:6      | Noticed Maggie
  5994 | D:6      | Killed Maggie
  5995 | D:6      | Reached skill level 10 in Fighting
  6076 | D:6      | Reached XP level 9. HP: 82/85 MP: 8/8
  6452 | D:6      | Found the +11 Singing Sword {sonic wave}
  6454 | D:6      | Reached skill level 10 in Axes
  6701 | D:7      | Reached skill level 11 in Fighting
  6764 | D:7      | Reached *** piety under Okawaru
  7465 | D:7      | Found Fulecheb's CLEARANCE SALE!.
  7471 | D:7      | Bought a potion of cancellation for 16 gold pieces
  8069 | D:7      | Reached skill level 12 in Fighting
  8685 | D:8      | Found Metugucuso's Armour Emporium.
  8733 | D:8      | Reached XP level 10. HP: 69/97 MP: 9/9
  8884 | D:8      | Reached **** piety under Okawaru
  8928 | D:8      | Noticed a death yak
  9083 | D:8      | Bought a +0 plate armour of poison resistance for 405 gold
                  | pieces
  9113 | D:8      | Noticed a death yak
  9119 | D:8      | Noticed a death yak
  9133 | D:8      | Killed a death yak
  9148 | D:8      | Killed a death yak
  9156 | D:8      | Killed a death yak
  9156 | D:8      | Reached ***** piety under Okawaru
  9264 | D:8      | Found a staircase to the Lair.
  9611 | D:8      | Reached skill level 10 in Armour
  9614 | D:8      | Received a gift from Okawaru
  9694 | D:9      | Reached XP level 11. HP: 84/105 MP: 10/10
  9876 | D:9      | Received a gift from Okawaru
 10312 | D:9      | Found a broken altar of Ashenzari.
 10375 | D:10     | Entered Level 10 of the Dungeon
 10401 | D:10     | Reached skill level 1 in Evocations
 10551 | D:10     | Noticed Fannar
 10564 | D:10     | Killed Fannar
 10664 | D:10     | Received a gift from Okawaru
 10680 | D:10     | Noticed Nergalle
 10681 | D:10     | Noticed a two-headed ogre
 10696 | D:10     | Killed Nergalle
 10697 | D:10     | Reached skill level 5 in Evocations
 10698 | D:10     | Killed a two-headed ogre
 10866 | D:10     | Found a snail-covered altar of Cheibriados.
 11143 | D:10     | Noticed Joseph
 11157 | D:10     | Killed Joseph
 11158 | D:10     | Reached skill level 1 in Invocations
 11580 | D:10     | Found a hazy altar of Hepliaklqana.
 11581 | D:10     | Found a faded altar of an unknown god.
 11655 | D:11     | Noticed a boulder beetle
 11678 | D:11     | Killed a boulder beetle
 11837 | D:11     | Found a staircase to the Orcish Mines.
 12006 | D:11     | Reached skill level 5 in Invocations
 12007 | D:11     | Noticed a two-headed ogre
 12079 | D:11     | Noticed Erica
 12079 | D:11     | Noticed a brown ugly thing
 12084 | D:11     | Killed Erica
 12085 | D:11     | Reached XP level 12. HP: 113/113 MP: 8/15
 12538 | D:11     | Found a hide-covered altar of Uskayaw.
 12653 | D:11     | Identified the +2 pair of gloves "Moanian" {rC+} (Okawaru
                  | gifted it to you on level 11 of the Dungeon)
 12653 | D:11     | Received a gift from Okawaru
 12771 | D:12     | Noticed a boulder beetle
 12799 | D:12     | Killed a boulder beetle
 12891 | D:12     | Found Kirhixoe's Jewellery Boutique.
 13356 | D:11     | Killed a two-headed ogre
 13357 | D:11     | Reached skill level 13 in Fighting
 13830 | D:9      | Identified 2 scrolls of acquirement
 13830 | D:9      | Acquired a manual of Invocations
 13832 | D:9      | Acquired 858 gold pieces
 14111 | D:13     | Found Taenez's Antique Armour Emporium.
 14155 | D:13     | Noticed Sonja
 14184 | D:13     | Killed Sonja
 14734 | D:13     | Reached skill level 10 in Invocations
 15407 | D:14     | Noticed a tengu warrior
 15409 | D:14     | Noticed a tengu warrior
 15412 | D:14     | Killed a tengu warrior
 15413 | D:14     | Reached XP level 13. HP: 115/122 MP: 20/20
 15665 | D:14     | Found a gate to the Vaults.
 15665 | D:14     | Noticed a fire dragon
 15805 | D:13     | Identified the +0 chain mail "Gicoss" {rPois Dex-5 Stlth+}
                  | (Okawaru gifted it to you on level 13 of the Dungeon)
 15805 | D:13     | Received a gift from Okawaru
 15912 | D:13     | Reached skill level 15 in Axes
 16103 | D:13     | Killed a fire dragon
 16253 | D:14     | Reached skill level 1 in Dodging
 16643 | D:15     | Entered Level 15 of the Dungeon
 16702 | D:15     | Noticed Kirke
 16918 | D:14     | Killed Kirke
 17298 | D:15     | Received a gift from Okawaru
 17571 | D:15     | Noticed a white very ugly thing
 17585 | D:15     | Killed a white very ugly thing
 17760 | D:14     | Reached skill level 5 in Shields
 17760 | D:14     | Reached XP level 14. HP: 72/129 MP: 21/21
 18111 | D:15     | Identified the +6 broad axe of Bloodstone {flame, Stlth+}
                  | (Okawaru gifted it to you on level 15 of the Dungeon)
 18111 | D:15     | Received a gift from Okawaru
 18193 | D:15     | Found Iruchy's Vocational Training.
 18252 | D:15     | Reached ****** piety under Okawaru
 18596 | D:15     | Found a staircase to the Depths.
 18834 | Lair:1   | Entered Level 1 of the Lair of Beasts
 18882 | Lair:1   | Reached skill level 14 in Fighting
 18990 | Lair:1   | Found a transporter.
 18991 | Lair:1   | Found a transporter.
 19011 | Lair:1   | Identified the +0 pair of boots "Fibbik" {Fly rPois Regen+
                  | Stlth-}
 19178 | Lair:1   | Identified the +0 buckler of Niecugga {rN+ Will- Str+5}
                  | (Okawaru gifted it to you on level 1 of the Lair of Beasts)
 19178 | Lair:1   | Received a gift from Okawaru
 20404 | Lair:2   | Found a staircase to the Swamp.
 20422 | Lair:2   | Reached skill level 15 in Fighting
 20594 | Lair:2   | Noticed Prince Ribbit
 20600 | Lair:2   | Killed Prince Ribbit
 20921 | Lair:3   | Reached skill level 10 in Shields
 20945 | Lair:3   | Found a frozen archway.
 20947 | Lair:3   | Received a gift from Okawaru
 20978 | IceCv    | Entered an ice cave
 21045 | IceCv    | Found the +8 frozen axe "Frostbite" {freeze, freezing
                  | cloud, *Noise Fly rC+}
 21242 | IceCv    | Noticed a reaper
 21251 | IceCv    | Killed a reaper
 21252 | IceCv    | Reached skill level 16 in Fighting
 21355 | Lair:3   | Reached XP level 15. HP: 144/144 MP: 22/22
 21514 | Lair:3   | Found a hole to the Spider Nest.
 21877 | Lair:3   | You are sucked into a shaft and drop 1 floor!
 22141 | Lair:4   | Found a dark tunnel.
 22149 | Volcano  | Entered a volcano
 22196 | Volcano  | Identified the ring of Cuapas {Will+ Int+3}
 22874 | Lair:4   | Reached skill level 17 in Fighting
 23070 | Lair:4   | Found a staircase to the Slime Pits.
 23141 | Lair:5   | Entered Level 5 of the Lair of Beasts
 23157 | Lair:5   | Noticed Snorg
 23181 | Lair:5   | Killed Snorg
 23195 | Lair:5   | Received a gift from Okawaru
 23544 | Lair:5   | Noticed Ageipsow's ghost (journeyman GnDe)
 23583 | Lair:5   | Reached skill level 18 in Fighting
 23650 | Lair:5   | Found a runed translucent gate.
 23651 | Lair:5   | Found a runed translucent gate.
 23653 | Lair:5   | Found a runed translucent gate.
 23781 | Lair:5   | Killed Ageipsow's ghost
 24096 | Lair:5   | Received a gift from Okawaru
 24134 | Lair:5   | Reached skill level 15 in Shields
 24139 | Lair:5   | Found the +4 skin of Zhor {*Englaciate rC+++ SInv}
 24481 | Orc:1    | Entered Level 1 of the Orcish Mines
 24593 | Orc:1    | Reached XP level 16. HP: 156/157 MP: 23/23
 24877 | Orc:2    | Entered Level 2 of the Orcish Mines
 24877 | Orc:2    | Found a bloodstained altar of Trog.
 24923 | Orc:2    | Noticed Urug
 24944 | Orc:2    | Killed Urug
 25182 | Orc:2    | Found a staircase to the Elven Halls.
 25199 | Orc:2    | Found a large runed translucent door.
 25199 | Orc:2    | Found a large runed translucent door.
 25201 | Orc:2    | Noticed Pooter's ghost (journeyman MiBe)
 25231 | Orc:2    | Killed Pooter's ghost
 25443 | Orc:2    | Found Byoqi's Assorted Antiques.
 25469 | Orc:2    | Bought a scroll of enchant armour for 285 gold pieces
 25486 | Orc:2    | Found Aqablog's Book Boutique.
 25573 | Orc:2    | Found Viuj's Book Boutique.
 25597 | Orc:2    | Found Upry's Weapon Emporium.
 26023 | Swamp:1  | Entered Level 1 of the Swamp
 26049 | Swamp:1  | Noticed rz's ghost (adept MiBe)
 26052 | Swamp:1  | Found a runed translucent door.
 26263 | Swamp:1  | Reached skill level 5 in Dodging
 26631 | Swamp:1  | Reached skill level 19 in Fighting
 26874 | Swamp:1  | Killed rz's ghost
 27358 | Swamp:2  | Identified the +1 troll leather armour of Okawaru's Reproof
                  | {+Inv Regen+ Dex+9} (Okawaru gifted it to you on level 2 of
                  | the Swamp)
 27358 | Swamp:2  | Received a gift from Okawaru
 27706 | Swamp:3  | Noticed Aizul
 27774 | Swamp:3  | Killed Aizul
 27946 | Swamp:3  | Noticed Bai Suzhen
 27969 | Swamp:3  | Killed Bai Suzhen
 27977 | Swamp:3  | Reached skill level 20 in Fighting
 27999 | Swamp:3  | Noticed Jorgrun
 28012 | Swamp:3  | Killed Jorgrun
 28020 | Swamp:3  | Acquired 767 gold pieces
 28233 | Swamp:4  | Entered Level 4 of the Swamp
 28233 | Swamp:4  | Noticed a thorn hunter
 28237 | Swamp:4  | Killed a thorn hunter
 28325 | Swamp:4  | Noticed Donald
 28513 | Swamp:3  | Reached skill level 21 in Fighting
 28533 | Swamp:4  | Reached XP level 17. HP: 74/173 MP: 18/24
 28546 | Swamp:4  | Identified the +0 hat "Getoum" {Drain rN+ Int+2 Dex+4}
                  | (Okawaru gifted it to you on level 4 of the Swamp)
 28546 | Swamp:4  | Received a gift from Okawaru
 28776 | Swamp:4  | Noticed Mlioglotl
 28923 | Swamp:4  | Killed Donald
 29052 | Swamp:4  | Reached skill level 10 in Dodging
 29348 | Swamp:4  | Killed Mlioglotl
 29427 | Swamp:4  | Got a decaying rune of Zot
 29810 | D:13     | Bought a distressingly furry cloak for 380 gold pieces
 29810 | D:13     | Identified the +0 cloak "Caxoff" {Contam rN+++ Int+5} (You
                  | bought it in a shop on level 13 of the Dungeon)
 30323 | Spider:1 | Entered Level 1 of the Spider Nest
 30343 | Spider:1 | Reached skill level 1 in Throwing
 31384 | Spider:2 | Received a gift from Okawaru
 31656 | Spider:2 | Reached skill level 22 in Fighting
 32104 | Spider:3 | Received a gift from Okawaru
 32227 | Spider:4 | Entered Level 4 of the Spider Nest
 32664 | D:12     | Bought a ring of see invisible for 225 gold pieces
 33082 | Spider:3 | Reached skill level 23 in Fighting
 33266 | Spider:4 | Reached XP level 18. HP: 188/188 MP: 25/25
 33270 | Spider:4 | Received a gift from Okawaru
 34036 | Spider:3 | Reached skill level 24 in Fighting
 34128 | Spider:3 | Reached skill level 1 in Stealth
 34133 | Spider:3 | Received a gift from Okawaru
 34750 | Spider:3 | Found a runed translucent gate.
 34751 | Spider:3 | Found a runed translucent gate.
 34753 | Spider:3 | Found a runed translucent gate.
 34755 | Spider:3 | Noticed ragingrage's ghost (adept FoMo)
 34782 | Spider:3 | Killed ragingrage's ghost
 34803 | Spider:3 | Identified the +2 pair of gloves "Ygyaru" {rElec rPois
                  | Dex+2 Stlth+}
 35843 | Spider:4 | Reached skill level 5 in Stealth
 36316 | Spider:4 | Got a gossamer rune of Zot
 36679 | Lair:3   | Identified the +4 kite shield "Vikeehal" {Int+3} (Okawaru
                  | gifted it to you on level 3 of the Lair of Beasts)
 36679 | Lair:3   | Received a gift from Okawaru
 37390 | Vaults:1 | Entered Level 1 of the Vaults
 37592 | Vaults:1 | Reached skill level 15 in Armour
 37675 | Vaults:1 | Reached XP level 19. HP: 196/198 MP: 26/26
 38633 | Vaults:1 | Found Ympirr's Antique Weapon Shop.
 39139 | Vaults:2 | Identified the +0 pearl dragon scales of Boredom {Harm
                  | rElec rN+ Dex-5 Slay+6} (Okawaru gifted it to you on level
                  | 2 of the Vaults)
 39139 | Vaults:2 | Received a gift from Okawaru
 39603 | Vaults:2 | Found a staircase to the Crypt.
 39603 | Vaults:2 | Found an ancient bone altar of Kikubaaqudgha.
 39603 | Vaults:2 | Found a basalt altar of Yredelemnul.
 39603 | Vaults:2 | You are sucked into a shaft and drop 2 floors!
 39896 | Vaults:4 | Reached skill level 15 in Dodging
 39958 | Vaults:4 | Identified the +8 broad axe of the Dwarven Hall {freeze,
                  | rC- Int+4} (Okawaru gifted it to you on level 4 of the
                  | Vaults)
 39958 | Vaults:4 | Received a gift from Okawaru
 40054 | Vaults:4 | Reached XP level 20. HP: 195/204 MP: 23/27
 40161 | Vaults:4 | Found Guce's Jewellery Boutique.
 40161 | Vaults:4 | Found Xown's Book Boutique.
 40167 | Vaults:4 | Bought the amulet "Muupirch" {Reflect Dex+8 SH+5} for 1291
                  | gold pieces
 40216 | Vaults:4 | Found Polesest's General Store.
 40224 | Vaults:4 | Bought a potion of might for 52 gold pieces
 40238 | Vaults:4 | Bought a manual of Fighting for 1280 gold pieces
 40542 | Vaults:2 | Reached skill level 25 in Fighting
 40908 | Vaults:2 | Identified the +1 pair of boots of Inaction {Int+2}
                  | (Okawaru gifted it to you on level 2 of the Vaults)
 40908 | Vaults:2 | Received a gift from Okawaru
 40921 | Vaults:2 | Reached skill level 26 in Fighting
 41085 | Vaults:2 | Reached skill level 27 in Fighting
 41148 | Vaults:2 | Identified the +0 plate armour "Kutev" {*Corrode rF+
                  | Will+++ Int+3}
 41683 | Vaults:3 | Found Lesi's Assorted Antiques.
 41937 | Vaults:3 | Found Uzoarus's Jewellery Shoppe.
 42378 | Vaults:3 | Found Hedghu's Antique Weapon Shop.
 42390 | Vaults:3 | Acquired a manual of Stealth
 42493 | Vaults:3 | Found Detrifuo's Magic Scroll Shoppe.
 42503 | Vaults:3 | Bought a scroll of enchant weapon for 127 gold pieces
 42984 | Vaults:4 | Paralysed by a formless jellyfish for 1 turns
 42987 | Vaults:4 | Received a gift from Okawaru
 43204 | Vaults:5 | Entered Level 5 of the Vaults
 43266 | Vaults:4 | Reached XP level 21. HP: 207/224 MP: 28/28
 43308 | Vaults:4 | Reached skill level 10 in Stealth
 43358 | Vaults:4 | Received a gift from Okawaru
 43527 | Vaults:5 | Identified the +1 hand axe of Bionaath {heavy, rCorr Str+4}
                  | (Okawaru gifted it to you on level 5 of the Vaults)
 43527 | Vaults:5 | Received a gift from Okawaru
 43528 | Vaults:5 | Identified the +6 dagger "Ecrecewniop" {holy, rElec rPois
                  | Will- Int+3}
 43643 | Vaults:5 | Identified the +1 troll leather armour of the Distant
                  | Future {Harm rElec Regen+ Str+6 Dex-2}
 44076 | Vaults:5 | Noticed a golden dragon
 44108 | Vaults:5 | Killed a golden dragon
 44124 | Vaults:5 | Noticed a golden dragon
 44140 | Vaults:5 | Killed a golden dragon
 44140 | Vaults:5 | Identified the +3 hat of Untold Secrets {rC- Int+5}
                  | (Okawaru gifted it to you on level 5 of the Vaults)
 44140 | Vaults:5 | Received a gift from Okawaru
 44166 | Vaults:5 | Noticed an ancient lich
 44569 | Vaults:5 | Killed an ancient lich
 44824 | Vaults:5 | Identified the ring "Bausypta" {rPois Will+}
 44844 | Vaults:5 | Got a silver rune of Zot
 44849 | Vaults:5 | Identified the +5 chain mail of Vumuups {Str+5 Dex+2}
 44852 | Vaults:5 | Identified the +2 dagger of Omaps {venom, Fly rF- Str+3}
 45087 | Vaults:5 | Got Ynlaos Kita's Compendium of Striking
 45288 | Vaults:5 | Identified the +1 leather armour of Light {rPois rN+}
 45737 | Depths:1 | Entered Level 1 of the Depths
 45737 | Depths:1 | Noticed a caustic shrike
 45915 | Elf:1    | Entered Level 1 of the Elven Halls
 46120 | Elf:1    | Paralysed by an air elemental for 1 turns
 46170 | Elf:1    | Reached XP level 22. HP: 221/233 MP: 30/30
 47018 | Elf:2    | Received a gift from Okawaru
 47032 | Elf:2    | Noticed Roxanne
 47033 | Elf:2    | Noticed Agnes
 47047 | Elf:2    | Killed Roxanne
 47049 | Elf:2    | Killed Agnes
 47145 | Elf:2    | Found a shimmering blue altar of Sif Muna.
 47158 | Elf:2    | Found a large runed translucent door.
 47332 | Elf:2    | Found a large runed translucent door.
 47359 | Elf:2    | Found a runed translucent gate.
 47360 | Elf:2    | Found a runed translucent gate.
 47360 | Elf:2    | Found a runed translucent gate.
 47392 | Elf:2    | Noticed relicbr's ghost (adept DrGl)
 47498 | Elf:2    | Reached skill level 15 in Invocations
 47674 | Elf:2    | Killed relicbr's ghost
 48073 | Elf:2    | Received a gift from Okawaru
 48390 | Elf:3    | Entered Level 3 of the Elven Halls
 48445 | Elf:3    | Found Morus's Antique Weapon Shoppe.
 48454 | Elf:3    | Found Yjoarimn's General Store.
 48454 | Elf:3    | Found Sioxi's Antique Armour Shoppe.
 48460 | Elf:3    | Found Reggeag's Armour Emporium.
 49149 | Elf:3    | Received a gift from Okawaru
 49459 | Elf:3    | Identified the staff of fire "Falamp" {rF+ rN+ SInv}
 49548 | Elf:3    | Identified the ring "Fiany Bunt" {Str+6 Dex+4}
 49548 | Elf:3    | Identified the +6 battleaxe "Vyaty" {pain, Int-4 Dex+6}
 49548 | Elf:3    | Identified the ring "Ifiluoloq" {rElec Str+4 Int+6 Dex+4}
 49549 | Elf:3    | Identified the +3 trident "Beastbane" {elec, *Noise rF+ rC+
                  | Str+5}
 49549 | Elf:3    | Identified the +3 acid dragon scales "Zush" {Rampage rF+
                  | rCorr Str-3 Dex+3}
 49599 | Elf:3    | Identified the +6 great mace of Foowap {holy, rPois}
 49601 | Elf:3    | Identified the ring of Teri {Wiz Str+2}
 49614 | Elf:3    | Identified the +4 chain mail of Humosufy {Dex+3}
 50112 | D:15     | Bought a manual of Invocations for 1520 gold pieces
 50157 | D:15     | Killed a caustic shrike
 50405 | D:15     | Reached XP level 23. HP: 171/240 MP: 35/35
 50601 | Depths:1 | Noticed a caustic shrike
 50601 | Depths:1 | Noticed a caustic shrike
 50601 | Depths:1 | Noticed a caustic shrike
 50602 | Depths:1 | Noticed a caustic shrike
 50608 | Depths:1 | Killed a caustic shrike
 50613 | Depths:1 | Killed a caustic shrike
 50617 | Depths:1 | Killed a caustic shrike
 50627 | Depths:1 | Killed a caustic shrike
 50735 | Depths:1 | Found a one-way gateway to a ziggurat.
 51023 | Depths:1 | Identified the +2 robe "Gifroino" {+Blink}
 51087 | Depths:1 | Found a one-way gate to the infinite horrors of the Abyss.
 51147 | Depths:1 | Found a gateway to Hell.
 51400 | Depths:2 | Found a one-way gate leading to the halls of Pandemonium.
 51412 | Depths:1 | Received a gift from Okawaru
 51650 | Depths:2 | Identified the +0 leather armour of Grace {rC+}
 51692 | Depths:2 | Identified the +1 ring mail of Perfidy {rF+ Regen+}
                  | (Okawaru gifted it to you on level 2 of the Depths)
 51692 | Depths:2 | Received a gift from Okawaru
 51698 | Depths:2 | You are sucked into a shaft and drop 1 floor!
 51948 | Depths:3 | Noticed Parghit
 51978 | Depths:3 | Killed Parghit
 52698 | Depths:4 | Entered Level 4 of the Depths
 53081 | Depths:4 | Received a gift from Okawaru
 53170 | Depths:4 | Noticed a juggernaut
 53186 | Depths:4 | Killed a juggernaut
 53204 | Depths:4 | Found a gate to the Realm of Zot.
 53211 | Depths:4 | Received a gift from Okawaru
 53264 | Depths:4 | Received a gift from Okawaru
 53272 | Depths:4 | Reached XP level 24. HP: 168/249 MP: 36/36
 53786 | Depths:4 | Paralysed by a floating eye for 2 turns
 54059 | Crypt:1  | Entered Level 1 of the Crypt
 54295 | Crypt:1  | Received a gift from Okawaru
 54449 | Crypt:1  | Identified the +1 spear "Badasoag" {drain, Will++}
 55168 | Crypt:2  | Received a gift from Okawaru
 55462 | Crypt:3  | Entered Level 3 of the Crypt
 56398 | Crypt:3  | Noticed an ancient lich
 56431 | Crypt:3  | Killed an ancient lich
 56621 | Crypt:3  | Received a gift from Okawaru
 57455 | Crypt:3  | Identified the ring "Kusezihusch" {rN+ rCorr Dex+6 Stlth+}
 57495 | Crypt:3  | Reached XP level 25. HP: 247/255 MP: 35/36
 57633 | Crypt:3  | Got the Notes on Fulgent Metamorphosis
 57743 | Crypt:3  | Found a staircase to the Tomb.
 58148 | Crypt:3  | Found a basalt altar of Yredelemnul.
 58151 | Crypt:3  | Found an ancient bone altar of Kikubaaqudgha.
 58199 | Crypt:3  | Identified the amulet "Heuc" {rN+ Will++ Regen+}
 58234 | Crypt:3  | Identified the amulet "Anorac" {rF+++ Regen+ Str+3 Int-5}
 58234 | Crypt:3  | Identified the amulet "Goopav" {Will+ Regen+}
 58234 | Crypt:3  | Identified the ring "Muimnue" {rPois rF+++ rC- rN+ Stlth-}
 58623 | Zot:1    | Entered Level 1 of the Realm of Zot
 58985 | Zot:1    | Received a gift from Okawaru
 60251 | Depths:2 | Identified the +6 scale mail of the Hart {Rampage *Corrode
                  | Dex+3 Stlth+}
 60461 | Depths:2 | Reached skill level 5 in Throwing
 60476 | Depths:2 | Identified the +0 plate armour "Jug Tefuorr" {rElec}
                  | (Okawaru gifted it to you on level 2 of the Depths)
 60476 | Depths:2 | Received a gift from Okawaru
 60658 | Depths:2 | Found Weucsy's Distillery.
 60666 | Depths:2 | Bought a potion of enlightenment for 95 gold pieces
 60666 | Depths:2 | Bought a potion of curing for 57 gold pieces
 60666 | Depths:2 | Bought 2 potions of heal wounds for 190 gold pieces
 60666 | Depths:2 | Bought a potion of enlightenment for 95 gold pieces
 60666 | Depths:2 | Bought a potion of heal wounds for 95 gold pieces
 61005 | Depths:2 | Noticed Boris
 61016 | Depths:2 | Killed Boris
 61100 | Depths:2 | Found a radiant altar of Vehumet.
 61346 | Depths:2 | Identified the +4 dagger of Lizxusonn {distort, MP+9}
 61349 | Depths:2 | Got the Cyclopedia of Causimancy and the Singularity
 61736 | Zot:1    | Reached skill level 10 in Throwing
 64149 | Zot:3    | Received a gift from Okawaru
 64197 | Zot:3    | Identified the +8 short sword "Arrineg" {freeze, Int+6}
 64494 | Zot:2    | Received a gift from Okawaru
 64513 | Zot:3    | Reached XP level 26. HP: 262/266 MP: 36/36
 64522 | Zot:3    | Received a gift from Okawaru
 65844 | Zot:4    | Noticed an orb of fire
 65859 | Zot:4    | Gained mutation: Potions are less effective at restoring
                  | your health. [an orb of fire]
 65868 | Zot:4    | Killed an orb of fire
 65868 | Zot:4    | Received a gift from Okawaru
 66669 | Zot:4    | Noticed an orb of fire
 66683 | Zot:4    | Killed an orb of fire
 67277 | Zot:5    | Entered Level 5 of the Realm of Zot
 67709 | D:15     | Bought a manual of Evocations for 1520 gold pieces
 69086 | Zot:5    | Noticed a dread lich
 69121 | Zot:5    | Killed a dread lich
 69256 | Zot:5    | Reached skill level 10 in Evocations
 69338 | Zot:5    | Noticed an ancient lich
 69363 | Zot:5    | Killed an ancient lich
 69391 | Zot:5    | Noticed an orb of fire
 69393 | Zot:5    | Gained mutation: You occasionally lose the ability to drink
                  | potions when taking damage. [an orb of fire]
 69401 | Zot:5    | Gained mutation: Armour fits poorly on your strangely
                  | shaped body. [an orb of fire]
 69409 | Zot:5    | Killed an orb of fire
 69501 | Zot:5    | Noticed an ancient lich
 69518 | Zot:5    | Killed an ancient lich
 69556 | Zot:5    | Noticed an orb of fire
 69570 | Zot:5    | Killed an orb of fire
 69570 | Zot:5    | Received a gift from Okawaru
 69950 | Zot:5    | Noticed an orb of fire
 69966 | Zot:5    | Noticed an orb of fire
 69970 | Zot:5    | Gained mutation: Your muscles are strong. (Str +4, Int/Dex
                  | -1) [an orb of fire]
 69972 | Zot:5    | Killed an orb of fire
 70006 | Zot:5    | Noticed an orb of fire
 70027 | Zot:5    | Killed an orb of fire
 70040 | Zot:5    | Noticed an orb of fire
 70048 | Zot:5    | Killed an orb of fire
 70069 | Zot:5    | Killed an orb of fire
 70069 | Zot:5    | Received a gift from Okawaru
 70164 | Zot:5    | Reached XP level 27. HP: 273/273 MP: 36/36
 70557 | Zot:5    | Received a gift from Okawaru
 71224 | Zot:5    | Noticed an orb of fire
 71226 | Zot:5    | Noticed an orb of fire
 71238 | Zot:5    | Killed an orb of fire
 71239 | Zot:5    | Gained mutation: You sometimes lose the ability to drink
                  | potions when taking damage. [an orb of fire]
 71242 | Zot:5    | Gained mutation: You expend magic power (3 MP) to
                  | strengthen your wands. [an orb of fire]
 71247 | Zot:5    | Killed an orb of fire
 71248 | Zot:5    | Reached skill level 15 in Evocations
 71261 | Zot:5    | Received a gift from Okawaru
 72218 | Zot:5    | Received a gift from Okawaru
 72645 | Zot:5    | Got the Orb of Zot
 72673 | Zot:5    | Noticed Itwu the pandemonium lord
 73258 | D:7      | Noticed a seraph
 73444 | D:$      | Escaped with the Orb!

Illustrated notes

Levels and vault maps discovered:
D:1:      ncdulo_watergridlock, layout_loops_cross, st_stairs_11, hex_tiny
D:2:      layout_basic, serial_shops, nicolae_book_shop_shelving
D:3:      layout_loops_ring, minmay_overflow_temple_star_hex
D:4:      cheibrodos_thug_alley, layout_basic
D:5:      layout_rooms, lemuel_temple_firewalk_b, serial_co_window_serial,
          co_window_corner_a, co_window_corner_a, co_window_paths_b,
          co_window_paths_a, co_window_paths_a, co_window_paths_a,
          co_window_paths_b, co_window_broadway_b, co_window_cross_2,
          co_window_unsneaky_path_a, co_window_of_opportunity_b,
          co_window_2corner, glass_columns_a, glass_columns_b, glass_columns_c,
          glass_columns_b, glass_columns_a, lightli_sewer_entry_pipes
D:6:      old_forge, layout_cave_pods, kennysheep_another_room,
          minmay_checkerbox, uniq_maggie
D:7:      layout_basic, serial_bayou_pond_c, nicolae_shop_clearance
D:8:      layout_rooms, dpeg_lair_monsters, nicolae_stop_n_shop_2,
          serial_park_tiny_1, nicolae_water_bricks
D:9:      layout_roguey, nicolae_overflow_hidden_temple, minmay_misc_feat_x,
          minmay_misc_feat_alley
D:10:     layout_cave_pools, mainiacjoe_overflow_boulevard,
          beargit_hepliaklqana_dungeon_heroes, nicolae_nh_ransacked_shop,
          uniq_fannar, uniq_nergalle, uniq_joseph
D:11:     layout_rooms, zombieorc1_lemuel, nicolae_uskayaw_dance_hall,
          uniq_erica
D:12:     layout_rooms, serial_shops, nicolae_shop_gaudy_bauble,
          kennysheep_donut, hellmonk_bongcloud_opening, minivault_7
D:13:     layout_basic, serial_shops, shop, uniq_sonja
D:14:     layout_roguey, lightli_vaults_fourway_checkpoint, dk_noncrumbling_4
D:15:     gammafunk_enter_depths_forms, layout_loops_ring, nrook_mini_backslash,
          special_room [special_room_orc], nicolae_shop_vocational, uniq_kirke
Temple:   nicolae_temple_bog_church
Lair:1:   gammafunk_boulding_lane, layout_cave_pods, st_stairs_13,
          nicolae_lair_liquid_snakes
Lair:2:   layout_long_grid, swamp_mist, beast_lair_carwin_9, uniq_prince_ribbit2
Lair:3:   layout_big_grid, hellmonk_spider_entry_life_and_decay,
          portal_ice_cave_entry_imps, grunt_megastairs_2, serial_bayou_shore_a,
          infiniplex_staircase_pool_2
Lair:4:   layout_cave_pods, dpeg_slime_entry_enclosed, enter_volcano_2,
          chequers_serial_rivers_micro_c, st_stairs_4, beast_lair_carwin_10,
          grunt_megastairs_4, lemuel_fruit_tree
Lair:5:   minmay_lair_end_frog_pond, layout_misc_corridors,
          maelrawn_ghost_gauntlet_escape, hellmonk_guarded_unrand_zhor,
          uniq_snorg
Swamp:1:  nicolae_swamp_ascending_descending_big, layout_basic_swamp,
          hellmonk_ghost_happy_afterlife, nicolae_swamp_dense_foliage,
          infiniplex_staircase_pool
Swamp:2:  layout_basic_swamp, evilmike_swamp_ruin_house_5
Swamp:3:  layout_basic_swamp, nicolae_swamp_fairy_circle, uniq_aizul,
          uniq_bai_suzhen, uniq_jorgrun
Swamp:4:  swamp, layout_basic_swamp, swamp_pool2, uniq_mlioglotl, uniq_donald
Spider:1: layout_spider_delve, hangedman_spider_tarantella_strand
Spider:2: layout_spider_delve
Spider:3: lemuel_spider_zombies, gammafunk_ghost_necromancy,
          nicolae_spider_swamp_cousins
Spider:4: floodkiller_spider_rune_tomb, nicolae_spider_jagged_tunnels
Orc:1:    layout_caves, serial_shops
Orc:2:    st_orc_town, layout_diamond_mine, basic_altar,
          ebering_ghost_disaster_area, uniq_urug
Elf:1:    layout_onion_city, minivault_28
Elf:2:    nicolae_elf_blades_crystal_corner, layout_loops_ring,
          ebering_ghost_disaster_area, basic_altar, evilmike_minifort,
          uniq_agnes, uniq_roxanne
Elf:3:    elf_hall_gauntlet_wide, layout_gridlike, minmay_shoptagon
Vaults:1: nicolae_vaults_offset_grid_hallway_2,
          nicolae_vaults_storage_room_statues, nicolae_vaults_network_square,
          nicolae_vaults_storage_closets_3, v_alt_pattern_2,
          vaults_room_mumra_shop_pool, v_rooms_2,
          nicolae_vaults_variable_pillar_hall, nicolae_vaults_more_shelving_2,
          v_misc_28, nicolae_vaults_shipping_containers_4, v_misc_24,
          nicolae_vaults_cochlea, nicolae_vaults_little_squares_1,
          layout_vaults_omnibox
Vaults:2: portal_desolation_entry_twin_temple,
          nicolae_vaults_storage_room_glass, v_alt_pattern_6, st_greater_box_3,
          minmay_crypt_entry_necro_gods, ontoclasm_vaults_ligature,
          nicolae_vaults_doubleplus_tesselated,
          nicolae_vaults_mini_display_case, v_alt_pattern_6,
          hangedman_vaults_stagger, nicolae_vaults_closet_pinwheel_1,
          nicolae_vaults_little_squares_4, vaults_dpeg_emergency_exit,
          nicolae_vaults_diamond_1, layout_vaults_maze
Vaults:3: vaults_dpeg_cross, nicolae_vaults_double_plus_3, v_alt_pattern_2,
          vaults_mumra_chevron, v_misc_32, nicolae_vaults_heart-shaped_vault,
          nicolae_vaults_sesquioval_fish, nicolae_vaults_double_plus_2,
          layout_vaults_omnigrid, serial_shops, shop, shop, shop, shop
Vaults:4: v_alt_pattern_3, hangedman_vaults_hard_town_square, v_rooms_1,
          hangedman_vaults_nails, nicolae_vaults_variable_pillar_hall,
          nicolae_vaults_cochlea, v_misc_13, nicolae_vaults_trapezoid_layered,
          vaults_dpeg_encased_lava, ontoclasm_vaults_gateway,
          layout_vaults_omnicross
Vaults:5: serial_shops
Crypt:1:  layout_chaotic_city
Crypt:2:  layout_misc_corridors
Crypt:3:  lightli_unholy_cathedral, layout_chaotic_city,
          tomb_entry_pyramid_bobbens, nicolae_letterblocks
          [nicolae_letter_subblock, nicolae_letter_subblock,
          nicolae_letter_subblock, nicolae_letter_subblock,
          nicolae_letter_subblock, nicolae_letter_subblock,
          nicolae_letter_subblock, nicolae_letter_subblock,
          nicolae_letter_subblock, nicolae_letter_subblock,
          nicolae_letter_subblock, nicolae_letter_subblock,
          nicolae_letter_subblock, nicolae_letter_subblock,
          nicolae_letter_subblock, nicolae_letter_subblock,
          nicolae_letter_subblock, nicolae_letter_subblock,
          nicolae_letter_subblock, nicolae_letter_subblock,
          nicolae_letter_subblock, nicolae_letter_subblock,
          nicolae_letter_subblock, nicolae_letter_subblock,
          nicolae_letter_subblock]
Depths:1: layout_gridlike, enter_ziggurat_e, hangedman_coc_ice_floe,
          nicolae_figureground_sparkle, abyss_entry, hangedman_decor_lopped,
          grunt_decor_one_mirror, evilmike_ambush [evilmike_ambush_outer_basic,
          evilmike_ambush_inner_basic]
Depths:2: evilmike_halls_of_destruction, layout_cave_pools, pan_entry,
          roderic_lattice_a, serial_shops, nicolae_shop_advertising_works
          [nicolae_subvault_shop_adworks], hell_entry, chequers_jeans
Depths:3: cheibrodos_poisonous_passages, layout_cave_pools,
          grunt_hell_entry_dis_mu, abyss_entry, pan_entry, grunt_ministairs_15,
          minmay_staircase_windowed_small, uniq_parghit
Depths:4: grunt_runaround [grunt_runaround_doors_1, grunt_runaround_doors_2,
          grunt_runaround_doors_3, grunt_runaround_doors_4,
          grunt_runaround_zot], serial_shops, hell_entry
Zot:1:    layout_twisted_circle
Zot:2:    layout_onion_interference, lemuel_golem_globe, grunt_megastairs_5
Zot:3:    gammafunk_mikee_crab_dinner, layout_misc_corridors,
          hangedman_zot_decor_unnerving_road
Zot:4:    kennysheep_blocky_room, layout_cathedral_of_symmetry, lemuel_elevator
Zot:5:    layout_basic

Skill      XL: |  1  2  3  4  5  6  7  8  9 10 11 12 13 14 15 16 17 18 19 20 21 22 23 24 25 26 27 |
---------------+----------------------------------------------------------------------------------+-----
Armour         | 4 10 12 15 18 19 20 21 24 25 26 | 26.8
Fighting       | 4 5 6 8 10 12 13 16 18 21 23 24 27 | 27.0
Shields        | 4 5 11 15 | 15.2
Axes           | 3 4 6 7 9 12 14 18 | 18.5
Evocations     | 6 14 15 | 15.9
Invocations    | 5 11 13 18 21 | 21.3
Dodging        | 1 7 10 12 15 16 17 20 21 23 24 25 | 25.7
Throwing       | 3 11 | 11.3
Stealth        | 5 9 13 | 13.8

Action                     |  1- 3 |  4- 6 |  7- 9 | 10-12 | 13-15 | 16-18 | 19-21 | 22-24 | 25-27 || total
---------------------------+-------+-------+-------+-------+-------+-------+-------+-------+-------++-------
  Melee: War axe           |    74 |   108 |   345 |   586 |       |       |       |       |       ||  1113
         Headbutt          |     6 |    13 |    46 |   145 |   220 |   368 |   395 |   626 |   497 ||  2316
         Broad axe         |       |       |       |    61 |  1017 |  1499 |  1319 |  1824 |  1354 ||  7074
         Trident           |       |       |       |       |    18 |       |       |       |       ||    18
  Throw: Javelin           |       |       |       |       |       |     1 |       |       |       ||     1
 Invoke: Heroism           |       |       |     1 |     3 |     1 |     1 |     1 |     2 |     2 ||    11
         Finesse           |       |       |       |     5 |     7 |     7 |     3 |     7 |    16 ||    45
    Use: Scroll            |     2 |     1 |     3 |    19 |     9 |     7 |    13 |     7 |    17 ||    78
         Potion            |       |       |     3 |     4 |     5 |       |     7 |     3 |    13 ||    35
   Stab: Petrified         |       |       |       |       |       |       |     3 |       |     1 ||     4
         Distracted        |       |       |       |       |       |       |       |       |     1 ||     1
         Petrifying        |       |       |       |       |       |       |       |       |     1 ||     1
         Paralysed         |       |       |       |       |       |       |       |       |     1 ||     1
 Armour: Scale mail        |    45 |    58 |   182 |     3 |       |       |       |       |       ||   288
         Plate armour      |       |       |       |   437 |   504 |   675 |   397 |   177 |       ||  2190
         Gold dragon scale |       |       |       |       |       |       |       |   289 |   410 ||   699
         Shadow dragon sca |       |       |       |       |       |       |       |       |    59 ||    59
  Dodge: Dodged            |    41 |    50 |   167 |   162 |   171 |   377 |   457 |   741 |   806 ||  2972
  Block: Buckler           |    18 |    30 |   102 |   339 |   115 |       |       |       |       ||   604
         Reflection        |       |       |       |    24 |    12 |    20 |    58 |    59 |     7 ||   180
         Kite shield       |       |       |       |       |   519 |  1255 |  1026 |  1444 |  1044 ||  5288

Table legend: (Time is in decaauts)
 A = Elapsed time spent in this place.
 B = Non-inter-level travel time spent in this place.
 C = Inter-level travel time spent in this place.
 D = Time resting spent in this place.
 E = Time spent auto-exploring this place.
 F = Levels seen in this place.
 G = Mean time per level.
                   A        B        C        D        E       F      G
               +--------+--------+--------+--------+--------+-----+--------+
         Total |  71727 |  63405 |   8322 |  14208 |  26866 |  53 | 1353.3 |
       Dungeon |  21334 |  18578 |   2756 |   5863 |   8854 |  15 | 1422.3 |
        Temple |    179 |    161 |     18 |      0 |    150 |   1 |  179.0 |
          Lair |   5744 |   4806 |    938 |    372 |   2860 |   5 | 1148.8 |
         Swamp |   3503 |   3392 |    111 |    879 |   1206 |   4 |  875.8 |
   Spider Nest |   5724 |   5130 |    594 |   1295 |   1684 |   4 | 1431.0 |
  Orcish Mines |   1731 |   1279 |    452 |     37 |    864 |   2 |  865.5 |
   Elven Halls |   4106 |   3654 |    452 |    354 |   2025 |   3 | 1368.7 |
        Vaults |   8287 |   7533 |    754 |   1275 |   3699 |   5 | 1657.4 |
         Crypt |   4084 |   3956 |    128 |    962 |   1277 |   3 | 1361.3 |
        Depths |   5671 |   4460 |   1211 |    511 |   2167 |   4 | 1417.8 |
           Zot |  10815 |   9913 |    902 |   2658 |   1952 |   5 | 2163.0 |
      Ice Cave |    338 |    338 |      0 |      0 |     74 |   1 |  338.0 |
       Volcano |    204 |    204 |      0 |      0 |     52 |   1 |  204.0 |
               +--------+--------+--------+--------+--------+-----+--------+

Top non-repeatable levels by time:
   Zot:5: 4338 daAuts
 Crypt:3: 2246 daAuts
     D:6: 2235 daAuts
    D:15: 2175 daAuts
    D:13: 2003 daAuts
Spider:4: 1972 daAuts
   Zot:3: 1884 daAuts
   Zot:1: 1865 daAuts
Vaults:5: 1856 daAuts
    D:14: 1797 daAuts
  Lair:1: 1710 daAuts
Spider:3: 1669 daAuts
Vaults:2: 1667 daAuts
Vaults:4: 1645 daAuts
Vaults:1: 1644 daAuts
